 Dungeon Crawl Stone Soup version 0.18.1-50-g88ac8fd (webtiles) character file.

113 Prenthaom the Ducker (level 5, -5/41 HPs)
             Began as a Human Fighter on Dec 15, 2016.
             Killed by divine providence
             ... invoked by an orc priest
              (10 damage)
             ... on level 3 of the Dungeon.
             The game lasted 00:41:35 (2066 turns).

Prenthaom the Ducker (Human Fighter)                Turns: 2066, Time: 00:41:36

Health: -5/41      AC: 12    Str: 16    XL:     5   Next: 17%
Magic:  5/5        EV:  5    Int:  9    God:
Gold:   142        SH:  9    Dex: 13    Spells: 0 memorised, 4 levels left

rFire  . . .     SeeInvis .     a - +1 long sword
rCold  . . .     Gourm    .     t - +3 chain mail
rNeg   . . .     Faith    .     c - +0 shield
rPois  .         Spirit   .     (no helmet)
rElec  .         Dismiss  .     (no cloak)
rCorr  .         Reflect  .     (no gloves)
SustAt .         Harm     .     (no boots)
MR     .....                    h - amulet of magic regeneration
Stlth  ..........               (no ring)
                                (no ring)

@: not resistant to hostile enchantments, extremely unstealthy
A: no striking features
a: no special abilities


You were on level 3 of the Dungeon.
You were full.

You visited 1 branch of the dungeon, and saw 3 of its levels.

You collected 142 gold pieces.

Inventory:

Hand Weapons
 a - a +1 long sword (weapon)
 i - a +3 spear
 r - a +0 whip
Missiles
 e - 11 arrows
 j - 42 sling bullets
 p - 19 bolts
 s - 2 javelins (quivered)
Armour
 b - a +0 scale mail
 c - a +0 shield (worn)
 n - a +0 robe
 o - a +3 leather armour
 t - a +3 chain mail (worn)
Jewellery
 h - an amulet of magic regeneration (around neck)
Scrolls
 q - a scroll of remove curse
 w - a scroll of amnesia
 x - a scroll of fog {unknown}
Potions
 d - 2 potions of might
 k - a potion of flight {unknown}
 l - a potion of degeneration
 v - a potion of mutation {unknown}
Comestibles
 f - a bread ration
 g - a beef jerky
 m - a meat ration
 u - a slice of pizza


   Skills:
 + Level 3.5 Fighting
 - Level 2.2 Long Blades
 - Level 3.0 Armour
 * Level 3.7 Dodging
 + Level 0.2 Stealth
 - Level 3.0 Shields


You had 4 spell levels left.
You didn't know any spells.

Dungeon Overview and Level Annotations

Branches:
Dungeon (3/15)

Altars:
Ashenzari

Portals:
Sewer: D:3


Message History

You're too confused to move!
The orc wizard casts a spell at you. You resist with some effort.
The orc priest mumbles some strange prayers to Beogh against you.
Beogh smites you!
You bump into the rock wall.
The orc hits you but does no damage.
The orc priest invokes the aid of Beogh against you.
Beogh smites you!
* * * LOW HITPOINT WARNING * * *
You closely miss the orc.
You feel less confused.
The orc wizard casts a spell.
The orc wizard flickers and vanishes!
Deactivating autopickup; reactivate with Ctrl-A.
You block the orc's attack. The orc hits you but does no damage.
The orc priest miscasts a cantrip.
The orc priest invokes the aid of Beogh against you.
Beogh smites you!
You die...

....(.###### #.......#
....#......# #.......#
...........# #.......#
....#......####>......#
......................#
....#......####.......#
....###.#### #.......#
....# #)# #...>...#
....# #.# #.@.....#
....# #.# ##o######
#######.#### ##.#####
######.....####......#
...............o####.#
).............###
.......###....#
.......#_#....#
.......#+#....#


You could see an orc priest and an orc.

Vanquished Creatures
  5 adders (D:2)
  4 worms
  2 dart slugs
  A giant gecko (D:2)
  An orc (D:3)
  7 giant cockroaches
  2 goblins
  6 hobgoblins
  6 jackals
  A kobold (D:2)
  A quokka (D:3)
  8 bats
  2 giant newts
  5 rats
51 creatures vanquished.

Notes
Turn   | Place    | Note
--------------------------------------------------------------
     0 | D:1      | Prenthaom the Human Fighter began the quest for the Orb.
     0 | D:1      | Reached XP level 1. HP: 18/18 MP: 1/1
    76 | D:1      | Reached skill level 1 in Dodging
   123 | D:1      | Reached XP level 2. HP: 24/24 MP: 2/2
   686 | D:1      | Reached XP level 3. HP: 29/29 MP: 3/3
   900 | D:2      | Reached XP level 4. HP: 6/35 MP: 4/4
  1800 | D:3      | Reached XP level 5. HP: 41/41 MP: 5/5
  1880 | D:3      | Found a glowing drain.
  2029 | D:3      | Found a shattered altar of Ashenzari.
  2066 | D:3      | Killed from afar by an orc priest

Skill      XL: |  1  2  3 |
---------------+----------+-----
Dodging        | 1 2 3 |  3.7
Fighting       | |  3.5
Long Blades    | |  2.2
Armour         | |  3.0
Stealth        | |  0.2
Shields        | |  3.0

Action                   |  1- 3 |  4- 6 || total
-------------------------+-------+-------++-------
Melee: Long sword        |   114 |    63 ||   177
       Spear             |     3 |    29 ||    32
Throw: Javelin           |       |     1 ||     1
  Use: Scroll            |     6 |     2 ||     8
       Potion            |     3 |       ||     3
  Eat: Bread ration      |     1 |     1 ||     2
Armor: Scale mail        |    31 |       ||    31
       Chain mail        |    53 |    55 ||   108
Dodge: Dodged            |    48 |    31 ||    79
Block: Shield            |    77 |    38 ||   115
